 Dungeon Crawl Stone Soup version 0.20.1-1-g8b1a95d66d (webtiles) character file.

1144 birkhead the Ducker (level 8, -2/78 HPs)
             Began as a Troll Fighter on Nov 22, 2017.
             Slain by a centaur (4 damage)
             ... on level 5 of the Dungeon.
             The game lasted 00:51:48 (3488 turns).

birkhead the Ducker (Troll Fighter)                 Turns: 3488, Time: 00:51:49

Health: -2/78      AC:  5    Str: 32    XL:     8   Next: 15%
Magic:  7/7        EV: 10    Int:  7    God:
Gold:   180        SH:  0    Dex:  9    Spells: 7/7 levels left

rFire    . . .     SeeInvis .   a - +0 long sword
rCold    . . .     Gourm    +   (no shield)
rNeg     . . .     Faith    .   b - +0 robe
rPois    .         Spirit   .   (helmet restricted)
rElec    .         Reflect  .   (no cloak)
rCorr    .         Harm     .   (gloves unavailable)
MR       .....                  (boots unavailable)
Stlth    +.........             (no amulet)
Regen    0.7/turn               A - +3 ring of intelligence
MPRegen  0.1/turn               (no ring)

@: mighty, lethally poisoned (-2 -> -2), drained
A: unfitting armour, claws 3, fast metabolism 3, gourmand, regeneration 1,
shaggy fur 1, tough skin 2
a: no special abilities


You were on level 5 of the Dungeon.
You were very full.

You visited 1 branch of the dungeon, and saw 5 of its levels.

You collected 180 gold pieces.

Inventory:

Hand Weapons
 a - a +0 long sword (weapon)
 u - a +0 blowgun
 E - a +0 giant spiked club
Missiles
 v - 25 poisoned needles
Armour
 b - a +0 robe (worn)
 c - a +0 shield
Jewellery
 A - a +3 ring of intelligence (left claw)
Wands
 t - a wand of paralysis (10/24)
 w - a wand of digging (4/24)
 y - a wand of confusion (28/48)
 F - a wand of scattershot (4/9)
 G - a wand of disintegration (7/24)
Scrolls
 i - 3 scrolls of blinking {unknown}
 j - 4 scrolls of teleportation {unknown}
 m - a scroll of noise {unknown}
 n - 2 scrolls of recharging {unknown}
 o - a scroll of fog {unknown}
 q - a scroll of enchant weapon {unknown}
 r - 3 scrolls of remove curse {unknown}
 B - a scroll of identify
 D - 2 scrolls of immolation {unknown}
Potions
 d - 2 potions of might
 e - a potion of curing
 g - a potion of magic
 k - 3 potions of haste
 s - 3 potions of flight {unknown}
 x - a potion of agility {unknown}
 C - a potion of resistance {unknown}
Comestibles
 f - 3 bread rations
 h - 4 meat rations
 p - a royal jelly
 z - 4 fruits
 H - 3 chunks of flesh


   Skills:
 + Level 4.2(3.1) Fighting
 - Level 3.0(1.9) Long Blades
 + Level 2.2(1.2) Maces & Flails
 + Level 3.9(2.8) Throwing
 + Level 4.5(3.3) Dodging
 - Level 4.0(2.8) Shields


You had 7 spell levels left.
You didn't know any spells.

Dungeon Overview and Level Annotations

Branches:
Dungeon (5/15)
 Temple: D:4-7

Altars:
Fedhas
Kikubaaqudgha
Uskayaw


Innate Abilities, Weirdness & Mutations

You are too large for most types of armour.
You have claws for hands.
Your metabolism is lightning-fast.
You like to eat raw meat.
Your natural rate of healing is unusually fast.
You are covered in fur. (AC +1)
You have very tough skin. (AC +2)


Message History

You feel sick.
The centaur shoots an arrow.
The arrow hits you!
You feel sick.
The centaur shoots an arrow.
The arrow hits you.
* * * LOW HITPOINT WARNING * * *
Things that are here:
an arrow; a howler monkey corpse The centaur unwields an uncursed shortbow.
The centaur hits you.
* * * LOW HITPOINT WARNING * * *
The centaur hits you.
* * * LOW HITPOINT WARNING * * *
Okay, then.
You barely miss the centaur.
You feel sick. The centaur hits you.
* * * LOW HITPOINT WARNING * * *
The centaur closely misses you.
You riposte.
You barely miss the centaur. You slash the centaur!
The centaur is moderately wounded.
You feel sick. The centaur hits you.
* * * LOW HITPOINT WARNING * * *
The centaur hits you.
You die...

#..##.....# #.#
<..######## #####.###
##.# #.......# ##.#
#.###.#.# ...########
#......(# #####.....#
#>##....# ## #.....#
#.(#.# .## #.....#
#.##(##.#
#.###.....###..(@...#
##.#.......##..?c.#.#
##..##.##.##.......#
#..# ... .......###
##..# ##.##.....#
##.#[## # ##.....#
#รท.#.. .####..##
.#.#.## ##.......#
##)#.###....###


You could see a centaur.

Vanquished Creatures
  Grinder (D:3)
  A sky beast (D:5)
  2 phantoms
  2 ogres
  2 scorpions
  A howler monkey (D:5)
  A jelly (D:5)
  2 orc priests
  An orc wizard (D:5)
  3 worker ants
  A hound zombie (D:5)
  6 adders
  4 gnolls (D:5)
  2 howler monkey skeletons (D:4)
  An adder skeleton (D:5)
  2 worms (D:2)
  A dart slug (D:2)
  3 leopard geckos
  7 orcs
  9 bats
  2 giant cockroaches
  3 goblins (D:1)
  7 hobgoblins
  3 jackals (D:3)
  2 quokkas
  A ball python (D:5)
  A frilled lizard (D:2)
  8 kobolds
  A quokka skeleton (D:5)
  7 rats
87 creatures vanquished.

Notes
Turn   | Place    | Note
-------+----------+-------------------------------------------
     0 | D:1      | birkhead the Troll Fighter began the quest for the Orb.
     0 | D:1      | Reached XP level 1. HP: 22/22 MP: 0/0
   146 | D:1      | Reached XP level 2. HP: 29/29 MP: 1/1
   829 | D:2      | Reached XP level 3. HP: 35/36 MP: 2/2
   955 | D:2      | Reached skill level 1 in Throwing
  1583 | D:3      | Noticed Grinder
  1596 | D:3      | Paralysed by Grinder for 2 turns
  1610 | D:3      | Paralysed by Grinder for 4 turns
  1618 | D:3      | Paralysed by Grinder for 4 turns
  1623 | D:3      | Killed Grinder
  1623 | D:3      | Reached XP level 4. HP: 24/45 MP: 3/3
  1623 | D:3      | Reached XP level 5. HP: 28/53 MP: 4/4
  1865 | D:4      | Reached XP level 6. HP: 55/61 MP: 5/5
  2055 | D:4      | Found a hide-covered altar of Uskayaw.
  2055 | D:4      | Found an ancient bone altar of Kikubaaqudgha.
  2440 | D:4      | Found a blossoming altar of Fedhas.
  2566 | D:4      | Reached XP level 7. HP: 49/67 MP: 6/6
  2745 | D:5      | Entered Level 5 of the Dungeon
  2967 | D:5      | Reached skill level 1 in Maces & Flails
  3350 | D:5      | Reached XP level 8. HP: 55/78 MP: 7/7
  3488 | D:5      | HP: 2/78 [centaur (6)]
  3488 | D:5      | Slain by a centaur

Skill      XL: |  1  2  3  4  5  6  7 |
---------------+----------------------+-----
Throwing       | 2 3 |  3.9
Shields        | 3 4 |  4.0
Long Blades    | 2 3 |  3.0
Fighting       | 3 4 |  4.2
Dodging        | 3 4 |  4.5
Maces & Flails | 2 |  2.2

Action                   |  1- 3 |  4- 6 |  7- 9 || total
-------------------------+-------+-------+-------++-------
Melee: Long sword        |   153 |    80 |   124 ||   357
       Giant spiked club |       |       |    36 ||    36
 Fire: Blowgun           |     5 |     4 |     6 ||    15
  Use: Scroll            |     6 |       |       ||     6
       Potion            |     1 |       |     2 ||     3
 Stab: Sleeping          |       |     1 |       ||     1
  Eat: Chunk             |    21 |     2 |    16 ||    39
Armor: Robe              |    37 |    16 |    42 ||    95
Dodge: Dodged            |    49 |    29 |    71 ||   149
Block: Shield            |    62 |    34 |       ||    96
       Rpst.: Long sword |    16 |    12 |    21 ||    49
